 Dungeon Crawl Stone Soup version 0.21.1-1-g345015fe64 (webtiles) character file.

86006 Jannitor the Protected (level 16, -12/114 HPs)
             Began as a Halfling Berserker on June 5, 2018.
             Was a High Priest of Trog.
             Mangled by an orc warrior
             ... wielding a +0 halberd
              (19 damage)
             ... on level 2 of the Orcish Mines.
             The game lasted 00:51:57 (27668 turns).

Jannitor the Protected (Halfling Berserker)        Turns: 27668, Time: 00:51:59

Health: -12/114    AC: 30    Str: 23    XL:     16   Next: 32%
Magic:  25/25      EV: 21    Int:  5    God:    Trog [*****.]
Gold:   2456       SH:  8    Dex: 16    Spells: 15/15 levels left

rFire    . . .     SeeInvis .   T - +3 morningstar (flame)
rCold    + . .     Gourm    +   x - +0 buckler
rNeg     + . .     Faith    .   b - +2 plate armour {rC+}
rPois    .         Spirit   .   S - +2 helmet
rElec    .         Reflect  .   a - +1 cloak
rCorr    +         Harm     .   D - +2 pair of gloves "Gys Nyem" {rN+ MP+9}
MR       +++..                  g - +1 pair of boots
Stlth    ..........             o - amulet of the gourmand
HPRegen  1.29/turn              F - ring of resist corrosion
MPRegen  0.19/turn              J - +3 ring of evasion

@: berserk cooldown, very slightly contaminated, regenerating, slowed, drained,
very slow
A: small, mutation resistance 1
a: Berserk, Trog's Hand, Brothers in Arms, Burn Spellbooks, Renounce Religion


You were on level 2 of the Orcish Mines.
You worshipped Trog.
Trog was extremely pleased with you.
You were full.

You visited 3 branches of the dungeon, and saw 22 of its levels.
You also visited: Labyrinth.

You collected 2606 gold pieces.
You spent 150 gold pieces at shops.

Inventory:

Hand Weapons
 f - a +1 antimagic flail
 T - a +3 morningstar of flaming (weapon)
Armour
 a - a +1 cloak (worn)
 b - a +2 plate armour of cold resistance (worn)
 g - a +1 pair of boots (worn)
 x - a +0 buckler (worn)
 D - the +2 pair of gloves "Gys Nyem" (worn) {rN+ MP+9}
   (You found it in a labyrinth)

   It protects you from negative energy.
   It affects your magic capacity (+9).
 Q - +0 acid dragon scales
 S - a +2 helmet (worn)
Jewellery
 n - a +1 ring of protection
 o - an amulet of the gourmand (around neck)
 p - an uncursed ring of stealth
 v - an uncursed ring of positive energy
 C - a +2 ring of dexterity
 F - a ring of resist corrosion (left hand)
 G - a cursed ring of loudness {unknown}
 J - a +3 ring of evasion (right hand)
 K - an uncursed amulet of magic regeneration
 L - an uncursed ring of protection from fire {unknown}
Wands
 h - a wand of iceblast (9)
 m - a wand of scattershot (2)
 y - a wand of enslavement (26)
 N - a wand of disintegration (11)
 U - a wand of random effects (61)
 Z - a wand of paralysis (12)
Scrolls
 d - 8 scrolls of teleportation
 e - 4 scrolls of magic mapping
 j - 5 scrolls of fog
 l - 11 scrolls of remove curse
 E - a scroll of enchant armour
 H - 8 scrolls of enchant weapon
 P - a scroll of summoning
 R - a scroll of brand weapon
Potions
 i - 10 potions of curing
 k - a potion of ambrosia
 r - 3 potions of flight
 t - 4 potions of lignification
 w - 3 potions of heal wounds
 z - 6 potions of brilliance
 I - a potion of haste
 M - 4 potions of magic
 O - 8 potions of mutation
Comestibles
 c - 23 rations


   Skills:
 + Level 12.0(11.8) Fighting
 + Level 12.1(11.8) Maces & Flails
 + Level 13.8(13.6) Armour
 + Level 13.8(13.6) Dodging
 - Level 12.1(11.9) Shields


You had 15 spell levels left.
You didn't know any spells.

Dungeon Overview and Level Annotations

Branches:
Dungeon (14/15)            Temple (0/1) D:4            Lair (6/6) D:10
  Swamp (0/4) Lair:3        Snake (0/4) Lair:3        Slime (0/5) Lair:5
    Orc (2/2) D:12            Elf (0/3) Orc:2        Vaults (0/5) D:13

Altars:
Cheibriados
Dithmenos
Gozag
Nemelex Xobeh
Qazlal
Ru
Zin
The Shining One

Shops:
D:6 }   D:7 ?   D:8 %   D:12 %

Annotations:
D:2 1 runed door
Lair:3 exclusion: oklob plant
Lair:4 exclusion: 4 oklob plants


Innate Abilities, Weirdness & Mutations

You are small and have problems with some larger weapons.
You are somewhat resistant to further mutation.


Message History

* * * LOW HITPOINT WARNING * * *
An orc comes into view.
Unknown command.
Unknown command.
Blink to where?
Press: ? - help, Dir - move target cursor You are very lightly contaminated with residual magic.
As you read the scroll of blinking, it crumbles to dust. 26 orcs come into view.
An orc wizard is wielding a dagger of venom.
The orc warrior shouts!
The orc priest shouts!
The orc wizard shouts! x2
The orc shouts! x2; The orc wizard shouts! x2; The orc knight shouts!
The orc warrior shouts! x2; The orc shouts!
The orc wizard shouts! x2
The orc priest shouts! x2; The orc shouts!
The orc warrior shouts!
The orc shouts! x2; You hear a shout! x3
The orc warrior no longer looks unusually strong.
The orc warlord no longer looks unusually strong.
The orc no longer looks unusually strong. x2
The orc warrior hits you from afar with a halberd!!
You die...

....# *,,,,******* .#..#
*,,,,,,,,,,, .#### *,,,,,,,,,,,
.### *## ***,,,****** .#.##
######.## *,,,* ....##
##.##....###****#,,,****** .....#
#.......##.#,,...,,,,,,,,,
.....###..#.....#.#oo...,,,,,,,,,
.....#....).....@.oo.oo.,,,,,,,,,
.........)))....o.ooooo.,,,,,,,,,
........#.))......ooooo.,,,,,,⌠,,
......###oo.3o...ooooo.o,,,,,,,,,
....### ##oooo..o...o.oo,,,,,,,,,
...## ###4o.oo##.#....o,,,,,,,,,
...,* ##..4ooo.#*.#.....,,,,,,,,,
...,* #))§)##.##*#######,,,******
..*** ##.###*## *,,,*


You could see an orc warlord, 2 orc knights, an orc high priest, a sun demon, an
orange demon, an orc sorcerer, a red devil, 8 orc warriors, 6 orc priests, 7 orc
wizards and 15 orcs.

Vanquished Creatures
  An orc warlord (Orc:2)
  A minotaur (Lab)
  Erolcha (D:13)
  8 hydras
  8 vault guards (D:13)
  2 centaur warriors
  Erica (D:9)
  A catoblepas (D:14)
  A tengu warrior (D:13)
  3 two-headed ogres
  3 orc high priests
  Urug (D:12)
  A death yak (Lair:4)
  Sonja (Lair:3)
  2 unseen horrors
  3 orc knights
  A harpy (shapeshifter) (D:14)
  2 oklob plants (Lair:4)
  5 ugly things
  A faun (Lair:4)
  2 orc sorcerers
  A cyclops (D:14)
  4 manticores
  11 elephants
  2 black mambas
  Maurice (Orc:1)
  A molten gargoyle (Lair:3)
  12 spiny frogs
  A gargoyle (D:14)
  4 orange demons (D:12)
  2 centaur skeletons (D:14)
  2 rime drakes
  2 kobold demonologists (D:12)
  5 komodo dragons
  A tengu conjurer (D:13)
  4 trolls
  A queen bee (D:11)
  A harpy skeleton (D:14)
  4 polar bears
  Grinder (D:6)
  11 blink frogs
  4 hornets (Lair:6)
  Prince Ribbit (D:6)
  11 hippogriffs
  3 dream sheep (Lair:6)
  3 wyverns
  A wraith (D:14)
  12 spriggans (Lair:6)
  7 basilisks
  53 yaks
  Grum (Lair:1)
  5 hungry ghosts
  2 vampire mosquitoes (D:13)
  Menkaure (D:5)
  2 steam dragons
  2 wargs
  Edmund (D:5)
  A soldier ant (D:13)
  An acid dragon (D:12)
  14 water moccasins
  8 porcupines
  30 orc warriors
  3 black bears (Lair:6)
  5 sky beasts
  A hornet zombie (D:14)
  2 ice beasts
  3 eyes of draining
  16 ogres
  A phantom (D:7)
  4 boggarts (Lair:6)
  5 centaurs
  55 wolves
  9 crocodiles
  A big kobold (D:12)
  13 bullfrogs
  11 scorpions
  A wyvern skeleton (D:11)
  23 killer bees
  3 electric eels (Lair:3)
  3 crimson imps
  5 lava snakes (Lair:3)
  5 hounds
  A quasit (D:9)
  3 centaur zombies
  13 jellies
  A bullfrog skeleton (D:8)
  16 orc priests
  An iguana (D:5)
  A gnoll shaman (Orc:2)
  Ijyb (D:4)
  3 hell rats (Lair:5)
  32 orc wizards
  8 worker ants
  A hound zombie (D:5)
  A hound skeleton (D:6)
  2 howler monkey zombies (D:10)
  2 worker ant zombies
  11 gnolls
  14 adders
  5 shadow imps
  15 oozes
  An adder skeleton (D:8)
  4 worms
  A dart slug (D:3)
  6 leopard geckos
  86 orcs
  8 bats
  4 giant cockroaches
  7 goblins
  10 hobgoblins
  14 jackals
  6 quokkas
  2 ball pythons
  7 frilled lizards
  5 kobolds
  2 leopard gecko skeletons
  A quokka skeleton (D:4)
  7 rats
  A fungus (Lair:4)
  A plant (Lair:4)
756 creatures vanquished.

Vanquished Creatures (collateral kills)
  Snorg (D:13)
  An ugly thing (D:11)
  A molten gargoyle (Lair:3)
  5 dream sheep (Lair:6)
  A hippogriff (Lair:6)
  A basilisk (Lair:4)
  A hungry ghost (D:11)
  An ogre (Orc:2)
  2 orc warriors (Orc:2)
  2 wolves (Lair:4)
  2 killer bees (D:11)
  A hound (D:10)
  An orc (Orc:2)
20 creatures vanquished.

Vanquished Creatures (others)
  An unseen horror (D:13)
  2 blink frogs (Lair:5)
  A bullfrog (Lair:5)
  An orc wizard (D:11)
  2 hell rats (Lair:5)
  An orc (D:12)
  20 fungi
  10 plants
38 creatures vanquished.

Grand Total: 814 creatures vanquished

Notes
Turn   | Place    | Note
-------+----------+-------------------------------------------
     0 | D:1      | Jannitor the Halfling Berserker began the quest for the Orb.
     0 | D:1      | Reached XP level 1. HP: 15/15 MP: 1/1
   117 | D:1      | Reached XP level 2. HP: 18/20 MP: 2/2
   964 | D:2      | Reached XP level 3. HP: 25/25 MP: 3/3
  1142 | D:2      | Noticed a scorpion
  1156 | D:2      | Killed a scorpion
  1156 | D:2      | Reached XP level 4. HP: 31/31 MP: 4/4
  1160 | D:2      | Reached ** piety under Trog
  1160 | D:2      | Reached XP level 5. HP: 36/36 MP: 5/5
  1388 | D:2      | Found a runed door.
  2226 | D:3      | Found a stormy altar of Qazlal.
  2226 | D:3      | Noticed a fire elemental
  2230 | D:3      | Noticed an air elemental
  2230 | D:3      | Noticed a water elemental
  2439 | D:3      | Reached XP level 6. HP: 40/42 MP: 6/6
  2726 | D:4      | Noticed an ogre
  2732 | D:4      | Killed an ogre
  2782 | D:4      | Noticed an ogre
  2792 | D:4      | Killed an ogre
  2901 | D:4      | Found a staircase to the Ecumenical Temple.
  2954 | D:4      | Reached XP level 7. HP: 48/48 MP: 7/7
  3032 | D:4      | Found a sparkling altar of Nemelex Xobeh.
  3902 | D:4      | Found a glowing golden altar of the Shining One.
  4039 | D:4      | Noticed Ijyb
  4052 | D:4      | Killed Ijyb
  4476 | D:5      | Entered Level 5 of the Dungeon
  4609 | D:5      | Reached skill level 1 in Shields
  4997 | D:5      | Noticed Menkaure
  5004 | D:5      | Killed Menkaure
  5004 | D:5      | Reached skill level 5 in Armour
  5004 | D:5      | Reached skill level 5 in Dodging
  5004 | D:5      | Reached XP level 8. HP: 33/54 MP: 8/8
  5237 | D:5      | Noticed Edmund
  5246 | D:5      | Killed Edmund
  5282 | D:5      | You fall through a shaft for 2 floors!
  5303 | D:7      | Reached skill level 5 in Maces & Flails
  5304 | D:7      | Reached skill level 5 in Fighting
  5368 | D:7      | Reached *** piety under Trog
  5408 | D:7      | Reached XP level 9. HP: 61/61 MP: 9/9
  5732 | D:6      | Noticed Grinder
  5741 | D:6      | Killed Grinder
  5770 | D:6      | Noticed Prince Ribbit
  5811 | D:6      | Killed Prince Ribbit
  5983 | D:6      | Found Wuhuimp's Gadget Boutique.
  6086 | D:6      | Found a shadowy altar of Dithmenos.
  6169 | D:6      | Found a glowing silver altar of Zin.
  7001 | D:5      | Noticed a hippogriff
  7010 | D:5      | Killed a hippogriff
  7418 | D:7      | Reached XP level 10. HP: 68/68 MP: 10/10
  7526 | D:7      | Reached skill level 5 in Shields
  7557 | D:7      | Found Jygacs's Magic Scroll Boutique.
  7563 | D:7      | Bought a scroll of teleportation for 45 gold pieces
  7563 | D:7      | Bought a scroll of identify for 30 gold pieces
  7563 | D:7      | Bought a scroll of fog for 30 gold pieces
  7563 | D:7      | Bought a scroll of teleportation for 45 gold pieces
  8052 | D:8      | Found Juhy's Food Shoppe.
  8168 | D:8      | Found a sacrificial altar of Ru.
  8362 | D:8      | Reached **** piety under Trog
  8408 | D:8      | Found an opulent altar of Gozag.
  8540 | D:8      | Found a snail-covered altar of Cheibriados.
  8742 | D:9      | Found a stormy altar of Qazlal.
  9331 | D:9      | Reached XP level 11. HP: 42/75 MP: 11/11
  9885 | D:9      | Noticed Erica
  9905 | D:9      | Killed Erica
 10094 | D:10     | Entered Level 10 of the Dungeon
 10262 | D:10     | Noticed an elephant
 10262 | D:10     | Found a staircase to the Lair.
 10306 | D:10     | Killed an elephant
 10583 | D:10     | Killed an unseen horror
 11110 | D:10     | Reached XP level 12. HP: 66/83 MP: 12/12
 11497 | D:11     | Found a flagged portal.
 12263 | D:11     | Reached skill level 10 in Armour
 12263 | D:11     | Reached skill level 10 in Dodging
 12723 | Lair:1   | Entered Level 1 of the Lair of Beasts
 13518 | Lair:1   | Noticed Grum
 13542 | Lair:1   | Killed Grum
 14072 | Lair:2   | Reached ***** piety under Trog
 14304 | Lair:2   | Reached XP level 13. HP: 43/90 MP: 13/13
 14529 | Lair:2   | Noticed an eight-headed hydra
 14539 | Lair:2   | Killed an eight-headed hydra
 15904 | Lair:3   | Found a staircase to the Swamp.
 16179 | Lair:3   | Noticed Sonja
 16190 | Lair:3   | Killed Sonja
 16193 | Lair:3   | Found a shadowy altar of Dithmenos.
 16504 | Lair:3   | Found a staircase to the Snake Pit.
 17357 | Lair:4   | Reached skill level 10 in Shields
 17458 | Lair:4   | Noticed a six-headed hydra
 17478 | Lair:4   | Killed a six-headed hydra
 18320 | Lair:4   | Reached skill level 10 in Maces & Flails
 18411 | Lair:4   | Reached skill level 10 in Fighting
 18465 | Lair:4   | Got a vibrating bone ring
 18584 | Lair:4   | Identified the cursed ring of Relativism {rN+ Str-3} (You found it on level 4 of the Lair of Beasts)
 18849 | Lair:4   | Reached XP level 14. HP: 99/99 MP: 14/14
 19413 | Lair:4   | Received a gift from Trog
 20073 | Lair:5   | Found a staircase to the Slime Pits.
 20712 | Lair:6   | Entered Level 6 of the Lair of Beasts
 21886 | Lair:6   | Received a gift from Trog
 22869 | D:12     | Reached XP level 15. HP: 79/105 MP: 15/15
 23005 | D:12     | Noticed Urug
 23006 | D:12     | Found Toechurupp's Food Emporium.
 23061 | D:12     | Killed Urug
 23154 | D:12     | Found a staircase to the Orcish Mines.
 23167 | Orc:1    | Entered Level 1 of the Orcish Mines
 23420 | D:12     | Received a gift from Trog
 23937 | D:13     | Noticed Snorg
 23943 | D:13     | Killed Snorg
 24321 | D:13     | Noticed Erolcha
 24331 | D:13     | Killed Erolcha
 24517 | D:13     | Found a gate to the Vaults.
 25528 | D:14     | Reached XP level 16. HP: 108/114 MP: 16/16
 25778 | Orc:1    | Noticed Maurice
 25803 | Orc:1    | Killed Maurice
 26268 | Orc:2    | Entered Level 2 of the Orcish Mines
 26324 | Orc:2    | Found a labyrinth entrance.
 26342 | Orc:2    | Received a gift from Trog
 26359 | Lab      | Entered a labyrinth
 26879 | Lab      | Got a pair of jewelled gloves
 26885 | Lab      | Identified the +2 pair of gloves "Gys Nyem" {rN+ MP+9} (You found it in a labyrinth)
 27667 | Orc:2    | HP: 5/114 [orange demon[an orc high priest] (5)]
 27668 | Orc:2    | Mangled by an orc warrior

Skill      XL: |  1  2  3  4  5  6  7  8  9 10 11 12 13 14 15 16 |
---------------+-------------------------------------------------+-----
Fighting       | 3 4 5 6 7 8 9 10 11 12 | 12.0
Maces & Flails | 3 4 5 6 7 8 9 10 11 12 | 12.1
Armour         | 3 4 5 7 8 9 10 11 12 13 | 13.8
Dodging        | 3 4 5 7 8 9 10 11 12 13 | 13.8
Shields        | 1 3 4 6 8 9 10 11 12 | 12.1

Action                   |  1- 3 |  4- 6 |  7- 9 | 10-12 | 13-15 | 16-18 || total
-------------------------+-------+-------+-------+-------+-------+-------++-------
Melee: Mace              |    86 |   137 |   106 |       |       |       ||   329
       Flail             |       |       |   289 |  1121 |  2010 |       ||  3420
       Morningstar       |       |       |       |       |   337 |   411 ||   748
Invok: Berserk           |     2 |     2 |    11 |    16 |    24 |     3 ||    58
       Trog's Hand       |       |       |     5 |    16 |    16 |     4 ||    41
       Burn Spellbooks   |       |       |       |     2 |     1 |     1 ||     4
       Brothers in Arms  |       |       |       |     2 |     5 |     2 ||     9
Evoke: Wand              |       |       |     1 |     4 |     7 |       ||    12
  Use: Scroll            |       |       |     8 |     6 |    12 |     9 ||    35
       Potion            |       |       |     2 |     1 |     3 |     3 ||     9
 Stab: Distracted        |       |       |       |       |       |     1 ||     1
  Eat: Chunk             |     2 |     5 |    16 |    26 |    57 |    17 ||   123
       Ration            |       |     1 |     3 |     6 |     8 |       ||    18
Armor: Animal skin       |     8 |       |       |       |       |       ||     8
       Scale mail        |    15 |    29 |       |       |       |       ||    44
       Chain mail        |       |    21 |    69 |       |       |       ||    90
       Ring mail         |       |       |    76 |   258 |   366 |       ||   700
       Acid dragon scale |       |       |       |       |   149 |    67 ||   216
       Plate armour      |       |       |       |       |       |    35 ||    35
Dodge: Dodged            |    78 |    90 |   318 |   810 |  2129 |   406 ||  3831
Block: Buckler           |       |       |    83 |   355 |   974 |   208 ||  1620
